 Dungeon Crawl Stone Soup version 0.27-a0-828-g8289197e94 (webtiles) character file.

Game seed: 11632391025179523351

215 Zdeegee the Gusty (level 5, -6/25 HPs)
             Began as a Vine Stalker Air Elementalist on Mar 30, 2021.
             Mangled by Crazy Yiuf
             ... wielding a +4 quarterstaff of chaos
              (11 damage)
             ... on level 3 of the Dungeon.
             The game lasted 00:07:50 (3465 turns).

Zdeegee the Gusty (Vine Stalker Air Elementalist)   Turns: 3465, Time: 00:07:51

Health: -6/25      AC:  3    Str: 10    XL:     5   Next: 92%
Magic:  0/10       EV: 12    Int: 16    God:
Gold:   99         SH:  0    Dex: 15    Spells: 0/10 levels left

rFire    + + .     SeeInvis .   b - +2 hunting sling (flame)
rCold    . . .     Faith    .   (no shield)
rNeg     . . .     Spirit   +   u - +0 robe
rPois    .         Reflect  .   (no helmet)
rElec    .         Harm     .   (no cloak)
rCorr    .         Rampage  .   d - +0 pair of gloves
Will     .....                  (no boots)
Stlth    ++........             j - amulet of magic regeneration
HPRegen  1.08/turn              i - ring of protection from fire
MPRegen  0.37/turn              n - ring of protection from fire

@: lethally poisoned (-6 -> -7)
A: fangs 2, regeneration 1, magic shield, antimagic bite, no potion heal 3
a: no special abilities


You were on level 3 of the Dungeon.
You visited 1 branch of the dungeon, and saw 3 of its levels.

You collected 99 gold pieces.

Inventory:

Hand Weapons
 a - a +2 dagger of speed
 b - a +2 hunting sling of flaming (weapon)
 e - a +0 club
Missiles
 k - 47 sling bullets
 m - 70 stones (quivered ammo)
Armour
 d - a +0 pair of gloves (worn)
 u - a +0 robe (worn)
Jewellery
 i - a ring of protection from fire (left hand)
 j - an amulet of magic regeneration (around neck)
 n - a ring of protection from fire (right hand)
 q - an amulet of the acrobat
Wands
 r - a wand of random effects (6)
Scrolls
 c - 2 scrolls of vulnerability {unknown}
 o - 2 scrolls of teleportation {unknown}
 p - 3 scrolls of holy word {unknown}
 t - a scroll of fog {unknown}
Potions
 f - a potion of brilliance {unknown}
 g - 5 potions of curing {unknown}
 h - a potion of flight {unknown}
 l - 2 potions of degeneration {unknown}
 s - a potion of heal wounds {unknown}


   Skills:
 + Level 0.9 Fighting
 + Level 0.1 Maces & Flails
 + Level 0.1 Slings
 * Level 1.8 Dodging
 + Level 2.4 Stealth
 * Level 3.2 Spellcasting
 * Level 2.4 Conjurations
 * Level 1.2 Ice Magic
 * Level 4.6 Air Magic


You couldn't memorise any spells.
You knew the following spells:

 Your Spells              Type           Power      Damage    Failure   Level
a - Shock                 Conj/Air       56%        1d6       4%          1
b - Swiftness             Air            17%        N/A       4%          2
c - Static Discharge      Conj/Air       14%        N/A       13%         3
d - Airstrike             Air            8%         N/A       26%         4

Your spell library contained the following spells:

 Spells                   Type           Power      Damage    Failure   Level
 Magic Dart               Conj           40%        1d5       7%          1
 Mephitic Cloud           Conj/Pois/Air  10%        N/A       21%         3
 Blink                    Tloc           N/A        N/A       28%         2
 Call Imp                 Summ           2%         N/A       28%         2
 Slow                     Hex            2%         N/A       28%         2
 Conjure Flame            Conj/Fire      6%         6-21      32%         3
 Lightning Bolt           Conj/Air       7%         1d19      75%         5


Dungeon Overview and Level Annotations

Branches:
Dungeon (3/15)

Altars:
Ashenzari
Elyvilon
Xom

Shops:
D:2 :

Annotations:
D:3 Crazy Yiuf


Innate Abilities, Weirdness & Mutations

You have extremely sharp teeth.
Your natural rate of healing is unusually fast.
When hurt, damage is shared between your health and your magic reserves.
Your bite disrupts and absorbs the magic of your enemies.
Potions cannot restore your health.


Message History

Moving in this stuff is going to be slow.
You see here a +0 club.
Key pressed, stopping explore.
Could not explore, unopened runed door.
Could not explore, unopened runed door.
You open the door.
Casting: Shock (safe; 4% risk of failure)
Confirm with . or Enter, or press ? or * to list all spells.
Crazy Yiuf is struck by an arc of lightning.
Crazy Yiuf shouts!
Crazy Yiuf is moderately wounded.
You are struck by an arc of lightning.
The lightning grounds out.
Crazy Yiuf closely misses you.
Casting: Static Discharge (quite dangerous; 13% risk of failure)
Confirm with . or Enter, or press ? or * to list all spells.
Crazy Yiuf is struck by an arc of lightning.
Crazy Yiuf is severely wounded.
You are struck by an arc of lightning.
The lightning grounds out.
Crazy Yiuf barely misses you.
The zap hits Crazy Yiuf.
Crazy Yiuf is almost dead.
Crazy Yiuf hits you with a +4 quarterstaff of chaos!
Crazy Yiuf draws strength from your wounds!
The zap hits Crazy Yiuf.
Crazy Yiuf is almost dead.
Crazy Yiuf hits you with a +4 quarterstaff of chaos.
You are poisoned.
Aiming: Random Effects
Press: ? - help, Shift-Dir - straight line, f/p - Crazy Yiuf
Aim: Crazy Yiuf, wielding a +4 quarterstaff of chaos and wearing a +0 cloak (almost dead) Crazy Yiuf resists with significant effort.
You feel very sick. Crazy Yiuf barely misses you.
Aiming: Random Effects
Press: ? - help, Shift-Dir - straight line, f/p - Crazy Yiuf
Aim: Crazy Yiuf, wielding a +4 quarterstaff of chaos and wearing a +0 cloak (almost dead) Crazy Yiuf seems to slow down.
You feel very sick.
Crazy Yiuf hits you with a +4 quarterstaff of chaos!
You die...

#.# #.# ###
#.# #.###
##### #...#
#..)# ###.#
#...# #†#
... ####.#
#g#
#######.##..
##@#
#......#.###
#.##
#######.###.
##.# ##.#...
#.## #......
##.##
#..#..#
#...##
#......
#P.PP#
#.##...
##..##
#.##.##
#....#
#.##...


You could see Crazy Yiuf (slow).

Vanquished Creatures
  A kobold brigand (D:3)
  6 adders
  A worm (D:2)
  3 dart slugs
  An orc (D:2)
  5 ball pythons
  8 bats
  5 endoplasms
  A giant cockroach (D:3)
  10 goblins
  5 hobgoblins
  10 jackals (D:1)
  4 quokkas
  3 frilled lizards
  2 kobolds
  11 rats
76 creatures vanquished.

Vanquished Creatures (others)
  A fungus (D:3)
1 creature vanquished.

Grand Total: 77 creatures vanquished

Notes
Turn   | Place    | Note
-------+----------+-------------------------------------------
     0 | D:1      | Zdeegee the Vine Stalker Air Elementalist began the quest
                  | for the Orb.
     0 | D:1      | Reached XP level 1. HP: 9/9 MP: 4/4
   294 | D:1      | Reached XP level 2. HP: 13/13 MP: 0/6
   608 | D:1      | Reached XP level 3. HP: 10/16 MP: 0/7
   733 | D:1      | Learned a level 2 spell: Swiftness
   737 | D:1      | Learned a level 3 spell: Static Discharge
  1620 | D:2      | Found a broken altar of Ashenzari.
  1956 | D:2      | Found a white marble altar of Elyvilon.
  1959 | D:2      | Gained mutation: Your natural rate of healing is unusually
                  | fast. [Vine Stalker growth]
  1959 | D:2      | Reached XP level 4. HP: 21/21 MP: 9/9
  2139 | D:2      | Reached skill level 1 in Ice Magic
  2273 | D:2      | Found Amueprayni's Book Boutique.
  2279 | D:2      | Reached skill level 4 in Air Magic
  2557 | D:3      | Found a shimmering altar of Xom.
  2642 | D:3      | Noticed a kobold brigand
  2651 | D:3      | Killed a kobold brigand
  2652 | D:3      | Reached XP level 5. HP: 13/24 MP: 3/10
  2675 | D:3      | Learned a level 4 spell: Airstrike
  2810 | D:3      | Found a runed translucent door.
  2811 | D:3      | Noticed Crazy Yiuf
  3465 | D:3      | Mangled by Crazy Yiuf

Illustrated notes

Levels and vault maps discovered:
D:1:      sevenhm_arrival_forest_fort_small_4, layout_basic, minmay_liquid_box
D:2:      layout_rooms, nicolae_elyvilon_peaceful_grove, serial_shops,
          shop_fountains, evilmike_ruin_ashenzari
D:3:      layout_loops_ring, xom_butterflies, serial_bayou_pond_e,
          serial_bayou_pond_d, minmay_misc_feat_ornament,
          uniq_crazy_yiuf_cottage

Skill      XL: |  1  2  3  4 |
---------------+-------------+-----
Ice Magic      | 1 |  1.2
Conjurations   | 2 |  2.4
Air Magic      | 4 |  4.6
Spellcasting   | 3 |  3.2
Fighting       | |  0.9
Maces & Flails | |  0.1
Slings         | |  0.1
Dodging        | |  1.8
Stealth        | |  2.4

Action                   |  1- 3 |  4- 6 || total
-------------------------+-------+-------++-------
Melee: Unarmed           |     9 |       ||     9
       Club              |    15 |       ||    15
       Bite              |     6 |       ||     6
 Fire: Hunting sling     |     1 |     8 ||     9
 Cast: Shock             |    92 |    82 ||   174
       Static Discharge  |     1 |     5 ||     6
Evoke: Wand              |       |     2 ||     2
Armor: Robe              |     9 |     2 ||    11
Dodge: Dodged            |    38 |    22 ||    60

Table legend: (Time is in decaauts)
 A = Elapsed time spent in this place.
 B = Non-inter-level travel time spent in this place.
 C = Inter-level travel time spent in this place.
 D = Time resting spent in this place.
 E = Time spent auto-exploring this place.
 F = Levels seen in this place.
 G = Mean time per level.
                   A        B        C        D        E       F      G
               +--------+--------+--------+--------+--------+-----+--------+
         Total |   3471 |   3371 |    100 |     27 |   2861 |   3 | 1157.0 |
       Dungeon |   3471 |   3371 |    100 |     27 |   2861 |   3 | 1157.0 |
               +--------+--------+--------+--------+--------+-----+--------+

Top non-repeatable levels by time:
     D:1: 1476 daAuts
     D:2: 1079 daAuts
     D:3: 915 daAuts
